 Dungeon Crawl Stone Soup version 0.28-a0-893-g5e322aebe8 (webtiles) character file.

Game seed: 3479670435451096663

561968 Ijustatesigmund the Crack Shot (level 26, -14/112 (213) HPs)
             Began as a Gnoll Fighter on Nov 20, 2021.
             Was the Champion of Cheibriados.
             Killed from afar by a hellion (28 damage)
             ... with damnation
             ... on level 7 of Gehenna on Nov 22, 2021.
             The game lasted 03:02:09 (51801 turns).

Ijustatesigmund the Crack Shot (Gnoll Fighter)     Turns: 51801, Time: 03:02:10

HP:   -14/112 (213) AC: 44    Str: 20 (29) XL:     26   Next: 67%
MP:   37/44         EV: 34    Int: 25 (31) God:    Cheibriados [******]
Gold: 4701          SH: 23    Dex: 28 (33) Spells: 28/60 levels left

rFire   + + +      SeeInvis .   D - +6 broad axe (protect)
rCold   x x .      Faith    .   c - +5 kite shield {AC+3}
rNeg    + + .      Spirit   .   x - +8 fire dragon scales {Xtahua}
rPois   +          Reflect  .   z - +2 helmet
rElec   .          Harm     .   t - +1 cloak of Starlight {*Dazzle EV+4 Stlth--}
rCorr   .          Rampage  .   f - +0 pair of fencer's gloves {Riposte Dex+3}
Will    +....                   r - +1 pair of boots
Stlth   +++.......              h - amulet of regeneration
HPRegen 1.28/turn               X - ring "Boiwku" {rPois rC- rN++ EV+4 Str-2}
MPRegen 0.29/turn               S - ring of protection from fire

@: silenced, under a protective aura, studying 3 skills, very heavily drained,
unable to read, very slow
A: fangs 1, strong nose, distributed training
}: 3/15 runes: decaying, serpentine, silver
a: Renounce Religion


You were on level 7 of Gehenna.
You worshipped Cheibriados.
Cheibriados was exalted by your worship.
You visited 12 branches of the dungeon, and saw 55 of its levels.
You also visited: Gauntlet and Volcano.

You collected 10732 gold pieces.
You spent 6031 gold pieces at shops.

Inventory:

Hand Weapons
 a - a +9 vampiric broad axe
 D - a +6 broad axe of protection (weapon)
Missiles
 s - 7 throwing nets
 L - 5 silver javelins (quivered)
Armour
 c - a +5 kite shield of protection (worn)
 f - the +0 pair of fencer's gloves (worn) {Riposte Dex+3}
   (You acquired it on level 2 of the Dungeon)

   It allows the wearer to riposte with melee weapons, swiftly retaliating
   against missed attacks.
   Dex:       It affects your dexterity (+3).
 r - a +1 pair of boots (worn)
 t - the +1 cloak of Starlight (worn) {*Dazzle EV+4 Stlth--}
   (You bought it in a shop on level 2 of the Orcish Mines)

   It may blind those who miss an attack against the wearer in melee combat.
   EV:        It affects your evasion (+4).
   Stlth:     It makes you much less stealthy.
 x - +8 fire dragon scales (worn) {Xtahua}
 z - a +2 helmet (worn)
 W - the +12 crystal plate armour of the Valley {rPois Will++ rCorr Str+4}
   (You bought it in a shop on level 2 of the Orcish Mines)

   Str:       It affects your strength (+4).
   rPois:     It protects you from poison.
   rCorr:     It protects you from acid and corrosion.
   Will:      It greatly increases your willpower.
Jewellery
 h - an amulet of regeneration (around neck)
 A - a ring of protection from cold
 E - the ring of Insomnia {rElec rCorr Dex-4 Slay+4 SInv}
   (You acquired it on level 12 of the Dungeon)

   [ring of slaying]

   Dex:       It affects your dexterity (-4).
   Slay:      It affects your accuracy & damage with ranged weapons and melee
   (+4).
   rElec:     It insulates you from electricity.
   SInv:      It lets you see invisible.
   rCorr:     It protects you from acid and corrosion.
 J - the ring "Geliqiel" {+Blink rPois}
   (You found it in a Gauntlet)

   [ring of poison resistance]

   rPois:     It protects you from poison.
   +Blink:    It lets you blink.
 P - the ring "Namiop" {rC+ Will+ AC+4 Dex+2 Slay+3}
   (You found it on level 3 of the Elven Halls)

   [ring of protection]

   AC:        It affects your AC (+4).
   Dex:       It affects your dexterity (+2).
   Slay:      It affects your accuracy & damage with ranged weapons and melee
   (+3).
   rC:        It protects you from cold.
   Will:      It increases your willpower.
 S - a ring of protection from fire (right hand)
 T - a ring of wizardry
 U - the ring of the Past {Slay+4 Stlth+}
   (You acquired it on level 3 of the Elven Halls)

   [ring of slaying]

   Slay:      It affects your accuracy & damage with ranged weapons and melee
   (+4).
   Stlth:     It makes you more stealthy.
 X - the ring "Boiwku" (left hand) {rPois rC- rN++ EV+4 Str-2}
   (You found it on level 3 of the Elven Halls)

   [ring of evasion]

   EV:        It affects your evasion (+4).
   Str:       It affects your strength (-2).
   rC:        It makes you vulnerable to cold.
   rPois:     It protects you from poison.
   rN:        It greatly protects you from negative energy.
 Y - an amulet of reflection
 Z - the ring "Kitad" {rN+ Dex+3 SInv}
   (You acquired it on level 3 of the Vaults)

   [ring of see invisible]

   Dex:       It affects your dexterity (+3).
   rN:        It protects you from negative energy.
   SInv:      It lets you see invisible.
Wands
 b - a wand of flame (13)
 o - a wand of digging (10)
 p - a wand of acid (16)
 q - a wand of iceblast (22)
 w - a wand of mindburst (34)
 H - a wand of charming (24)
 I - a wand of polymorph (20)
Scrolls
 e - 36 scrolls of identify
 g - 5 scrolls of amnesia
 k - 7 scrolls of holy word
 l - 13 scrolls of teleportation
 m - 4 scrolls of fog
 C - 3 scrolls of summoning
 F - 3 scrolls of blinking
 K - 4 scrolls of magic mapping
 N - 4 scrolls of fear
 V - 3 scrolls of silence
Potions
 d - 10 potions of flight
 i - 9 potions of magic
 j - 10 potions of brilliance
 n - 3 potions of cancellation
 u - 6 potions of might
 v - 6 potions of attraction
 y - a potion of resistance
 B - 21 potions of curing
 G - 6 potions of mutation
 Q - 4 potions of ambrosia
 R - 3 potions of invisibility
Miscellaneous
 M - a condenser vane


   Skills:
 + Level 18.8 Fighting
 + Level 17.8 Short Blades
 + Level 17.8 Long Blades
 + Level 18.3 Axes
 + Level 17.8 Maces & Flails
 + Level 17.8 Polearms
 + Level 17.8 Staves
 + Level 17.8 Slings
 + Level 22.5 Bows
 + Level 17.8 Crossbows
 + Level 17.8 Throwing
 + Level 18.8 Armour
 + Level 17.8 Dodging
 + Level 17.8 Stealth
 + Level 18.8 Shields
 + Level 17.8 Unarmed Combat
 + Level 17.8 Spellcasting
 + Level 15.2 Conjurations
 + Level 15.2 Hexes
 + Level 15.2 Summonings
 + Level 15.9 Necromancy
 + Level 15.2 Translocations
 + Level 15.2 Transmutations
 + Level 15.2 Fire Magic
 + Level 15.2 Ice Magic
 + Level 16.8 Air Magic
 + Level 15.2 Earth Magic
 + Level 15.2 Poison Magic
 + Level 19.3 Invocations
 + Level 17.8 Evocations


You had 28 spell levels left.
You knew the following spells:

 Your Spells              Type           Power      Damage    Failure   Level
a - Magic Dart            Conj           100%       1d8       0%          1
b - Ensorcelled Hibernat  Hex/Ice        100%       N/A       0%          2
c - Apportation           Tloc           100%       N/A       0%          1
d - Statue Form           Tmut/Erth      52%        N/A       1%          6
e - Passwall              Tmut/Erth      65%        N/A       0%          2
f - Wereblood             Tmut           78%        N/A       0%          2
g - Silence               Hex/Air        40%        N/A       1%          5
h - Borgnjor's Vile Clut  Necr/Erth      39%        N/A       1%          5
i - Borgnjor's Revivific  Necr           40%        N/A       43%         8

Your spell library contained the following spells:

 Spells                   Type           Power      Damage    Failure   Level
 Animate Skeleton         Necr           100%       N/A       0%          1
 Beastly Appendage        Tmut           100%       N/A       0%          1
 Foxfire                  Conj/Fire      100%       2x1d9     0%          1
 Freeze                   Ice            100%       1d11      0%          1
 Pain                     Necr           100%       1d9       0%          1
 Sandblast                Erth           100%       2d20      0%          1
 Shock                    Conj/Air       100%       1d9       0%          1
 Slow                     Hex            100%       N/A       0%          1
 Summon Small Mammal      Summ           100%       N/A       0%          1
 Call Imp                 Summ           78%        N/A       0%          2
 Corpse Rot               Necr/Air       100%       N/A       0%          2
 Poisonous Vapours        Pois/Air       100%       N/A       0%          2
 Static Discharge         Conj/Air       80%        N/A       0%          2
 Sublimation of Blood     Necr           80%        N/A       0%          2
 Swiftness                Air            82%        N/A       0%          3
 Call Canine Familiar     Summ           78%        N/A       1%          3
 Confusing Touch          Hex            78%        N/A       1%          3
 Conjure Flame            Conj/Fire      78%        6-21      1%          3
 Dazzling Flash           Conj/Hex       100%       N/A       1%          3
 Frozen Ramparts          Ice            100%       1d12      1%          3
 Gell's Gravitas          Tloc           78%        N/A       1%          3
 Ignite Poison            Fire/Tmut/Pois 78%        N/A       1%          3
 Inner Flame              Hex/Fire       78%        N/A       1%          3
 Mephitic Cloud           Conj/Pois/Air  79%        N/A       1%          3
 Portal Projectile        Hex/Tloc       100%       N/A       1%          3
 Spider Form              Tmut/Pois      78%        N/A       1%          3
 Stone Arrow              Conj/Erth      100%       3d13      1%          3
 Summon Guardian Golem    Hex/Summ       78%        N/A       1%          3
 Teleport Other           Tloc           78%        N/A       1%          3
 Tukima's Dance           Hex            78%        N/A       1%          3
 Vampiric Draining        Necr           80%        2d11      1%          3
 Airstrike                Air            41%        N/A       1%          4
 Animate Dead             Necr           40%        N/A       1%          4
 Cause Fear               Hex            39%        N/A       1%          4
 Dispel Undead            Necr           80%        3d26      1%          4
 Flame Wave               Conj/Fire      78%        3d13      1%          4
 Fulminant Prism          Conj/Hex       39%        3d18      1%          4
 Hailstorm                Conj/Ice       78%        3d16      1%          4
 Ice Form                 Ice/Tmut       78%        N/A       1%          4
 Iskenderun's Mystic Bla  Conj/Tloc      78%        2d16      1%          4
 Leda's Liquefaction      Hex/Erth       39%        N/A       1%          4
 Olgreb's Toxic Radiance  Pois           78%        N/A       1%          4
 Passage of Golubria      Tloc           78%        N/A       1%          4
 Petrify                  Tmut/Erth      78%        N/A       1%          4
 Sticky Flame             Conj/Fire      78%        2d9       1%          4
 Summon Ice Beast         Ice/Summ       78%        N/A       1%          4
 Summon Lightning Spire   Summ/Air       80%        N/A       1%          4
 Agony                    Necr           80%        N/A       1%          5
 Alistair's Intoxication  Tmut/Pois      52%        N/A       1%          5
 Blade Hands              Tmut           39%        N/A       1%          5
 Excruciating Wounds      Necr           40%        N/A       1%          5
 Fireball                 Conj/Fire      39%        3d16      1%          5
 Irradiate                Conj/Tmut      39%        3d27      1%          5
 Iskenderun's Battlesphe  Conj           78%        2d13      1%          5
 Lee's Rapid Deconstruct  Erth           39%        3d20*     1%          5
 Lightning Bolt           Conj/Air       40%        1d59      1%          5
 Metabolic Englaciation   Hex/Ice        39%        N/A       1%          5
 Conjure Ball Lightning   Conj/Air       40%        3x3d13    1%          6
 Death Channel            Necr           40%        N/A       1%          6
 Dispersal                Tloc           39%        N/A       1%          6
 Iron Shot                Conj/Erth      39%        9d8       1%          6
 Simulacrum               Ice/Necr       39%        N/A       1%          6
 Starburst                Conj/Fire      39%        6d11      1%          6
 Storm Form               Tmut/Air       40%        N/A       6%          7
 Haunt                    Necr/Summ      39%        N/A       7%          7
 Dragon Form              Tmut           39%        N/A       9%          7
 Orb of Destruction       Conj           39%        9d13      9%          7
 Spellforged Servitor     Conj/Summ      39%        N/A       9%          7
 Summon Hydra             Summ           39%        N/A       9%          7
 Maxwell's Capacitive Co  Air            41%        ∞         30%         8
 Infestation              Necr           40%        N/A       43%         8
 Necromutation            Tmut/Necr      39%        N/A       47%         8
 Discord                  Hex            39%        N/A       54%         8
 Disjunction              Tloc           39%        N/A       54%         8
 Lehudib's Crystal Spear  Conj/Erth      39%        10d10     54%         8
 Death's Door             Necr           40%        N/A       100%        9


Dungeon Overview and Level Annotations

Branches:
Dungeon (15/15)            Temple (1/1) D:5            Lair (6/6) D:10
  Swamp (4/4) Lair:2        Snake (4/4) Lair:3        Slime (0/5) Lair:6
    Orc (2/2) D:10            Elf (3/3) Orc:2        Vaults (5/5) D:14
  Crypt (3/3) Vaults:3       Tomb (0/3) Crypt:3      Depths (4/4) D:15
   Hell (visited)             Dis (0/7) Hell            Geh (7/7) Hell
    Coc (0/7) Hell            Tar (0/7) Hell            Zot (0/5) Depths:4
Volcano (visited)         Gauntlet (visited)

Altars:
Ashenzari
Cheibriados
Dithmenos
Elyvilon
Fedhas
Gozag
Hepliaklqana
Kikubaaqudgha
Makhleb
Nemelex Xobeh
Okawaru
Qazlal
Ru
Sif Muna
Trog
Uskayaw
Vehumet
Wu Jian
Xom
Yredelemnul
Zin
The Shining One
Beogh
Jiyva
Lugonu

Shops:
D:9 *   D:11 [   D:12 *   D:13 (   Orc:1 (   Orc:2 *[**   Elf:1 (
Vaults:1 =!=!   Vaults:3 [   Depths:4 **!

Portals:
Hell: Depths:1 Depths:2 Depths:3 Depths:4
Abyss: Depths:1 Depths:2 Depths:3
Pandemonium: Depths:2
Ziggurat: Depths:1
Trove: Vaults:4 (give 17 scrolls of teleportation)

Annotations:
Depths:1 1 runed translucent door


Innate Abilities, Weirdness & Mutations

You have very sharp teeth.
Your uncanny sense of smell can sniff out nearby items.
Your experience applies equally to all skills.


Message History

The searing wretch completely misses you.
The searing wretch bites you but does no damage.
You slash the searing wretch!
The searing wretch is almost destroyed.
You slash the searing wretch!
The searing wretch is almost destroyed.
The searing wretch claws you!
You are engulfed in flames.
You resist. You block the searing wretch's attack.
The searing wretch completely misses you.
You slash the searing wretch! You bite the searing wretch.
The searing wretch is almost destroyed.
The hellion gestures at you.
The sphere of damnation explodes!
The damnation engulfs you!!!
The damnation engulfs the searing wretch!!
The searing wretch is destroyed!
The hellion gestures at you.
The sphere of damnation explodes!
The damnation engulfs you!!
You feel the corruption within you wane completely.
You feel more energetic.
You are too injured to fight recklessly!
You are too injured to fight recklessly!
You are too injured to fight recklessly!
You are too injured to fight recklessly!
You are too injured to fight recklessly!
You are too injured to fight recklessly!
You are too injured to fight recklessly!
You are too injured to fight recklessly!
You are too injured to fight recklessly!
You block the hellion's attack. x3
You slash the hellion!
The hellion is moderately wounded.
You slice the hellion!! The hellion gestures at you.
The sphere of damnation explodes!
The damnation engulfs you!!
* * * LOW HITPOINT WARNING * * *
The damnation engulfs the hellion.
The hellion completely resists.
The damnation engulfs the hellion.
The hellion completely resists.
The hellion gestures at you.
The sphere of damnation explodes!
The damnation engulfs you!!
You die...

≈≈≈≈L#.. §§≈≈§#..
§§≈§≈§≈≈### ≈≈≈§≈≈§§§≈≈#
§≈§≈≈≈§≈≈≈≈#
#≈§≈§≈§§§≈≈#
##########≈≈≈L≈§§≈§ #
#..2.....############
......#@.#..'.........#.
#..#..2.....#..8^8.8..'.
............+.......))#.
#..#........#..8.8.8..+.
......#..#..+.........#.
####........#######.####
##########§§≈≈≈§§≈≈§#
#≈≈≈§§§§§≈≈#
∆#§§≈≈≈≈≈§≈§≈#


You could see 2 hellions.

Vanquished Creatures
  3 ancient liches
  5 dread liches
  Mennas (Vaults:4)
  The ghost of Cips the Warrior, a veteran GrFi of the Shining One (Crypt:2)
  Margery (Crypt:2)
  The ghost of Arizal the Axe Maniac, a veteran MiBe of Trog (Crypt:2)
  Bai Suzhen (Vaults:2)
  Xtahua (Vaults:5)
  5 golden dragons
  Geryon (Hell)
  2 bone dragons
  Jory (Crypt:3)
  2 Brimstone Fiends
  A profane servitor (Crypt:3)
  9 hellephants
  3 tentacled monstrosities
  Jorgrun (Elf:1)
  A walking earthen tome (Depths:3)
  A walking crystal tome (Depths:3)
  6 liches
  A walking frostbound tome (Depths:3)
  15 searing wretches
  2 quicksilver dragons (Depths:1)
  4 titans
  3 deep elf blademasters
  A walking divine tome (Depths:3)
  2 deep elf master archers (Elf:3)
  3 ancient champions
  8 sphinxes
  Kirke (D:15)
  5 storm dragons
  8 tengu reavers
  3 shadow dragons
  3 revenants
  7 deep elf sorcerers
  16 fire giants
  A fenstrider witch (Swamp:4)
  6 nagarajas
  5 orc warlords (Depths:1)
  9 frost giants
  Louise (Elf:3)
  13 balrugs
  3 iron dragons
  14 vault wardens
  2 curse skulls
  A juggernaut zombie (Hell)
  6 ghouls
  4 draconian stormcallers (Depths:4)
  5 deep elf elementalists (Elf:3)
  3 reapers
  16 ironbound preservers
  A spriggan defender (Depths:1)
  16 vampire knights
  A juggernaut skeleton (Crypt:2)
  3 war gargoyles
  27 very ugly things
  A caustic shrike skeleton (Hell)
  13 stone giants
  6 deep elf demonologists
  Nessos (Lair:6)
  A wendigo (Hell)
  2 putrid mouths (Hell)
  4 deep elf annihilators
  3 white draconians (Depths:4)
  2 bunyips
  A red draconian (Depths:4)
  A lorocyproca (Depths:4)
  3 spark wasps (Depths:2)
  An entropy weaver (Vaults:1)
  A halazid warlock (Hell)
  A minotaur (Gauntlet)
  5 dire elephants
  4 eleionomae
  An eidolon (Crypt:1)
  4 green deaths
  3 iron golems (Hell)
  11 ettins
  7 deep elf death magi
  A quicksilver dragon zombie (Vaults:4)
  8 fire dragons
  Josephine (Lair:5)
  18 jiangshi
  4 deep elf high priests
  26 vault guards
  9 great orbs of eyes
  12 naga warriors
  5 rakshasas
  2 spriggan air magi
  8 yaktaur captains
  5 salamander tyrants
  A juggernaut simulacrum (Hell)
  A hell beast (Hell)
  A fenstrider witch zombie (Crypt:2)
  20 hydras
  3 ironbound frosthearts
  4 death knights
  2 ghost crabs
  5 ironbound thunderhulks
  A peacekeeper (Vaults:1)
  2 ogre magi
  10 anacondas
  3 boulder beetles
  3 ice dragons
  A catoblepas (D:14)
  4 stokers
  20 dancing weapons
  An anaconda (shapeshifter) (Vaults:5)
  9 centaur warriors
  5 deep troll earth magi
  5 tengu warriors
  41 hell hogs
  10 alligators
  12 two-headed ogres
  9 spriggan berserkers
  4 vampire magi
  Urug (Lair:6)
  7 deep troll shamans
  6 naga sharpshooters
  A storm dragon zombie (Depths:2)
  2 thrashing horrors (Swamp:4)
  2 death yaks
  12 deep elf knights
  21 hell knights
  4 shock serpents
  5 soul eaters
  A titan skeleton (Depths:2)
  8 sun demons
  A fire crab (shapeshifter) (D:13)
  22 skeletal warriors
  A quicksilver dragon simulacrum (Crypt:1)
  57 deep trolls
  10 iron trolls
  7 goliath frogs
  7 salamander mystics
  9 flayed ghosts
  6 bog bodies
  8 shadow wraiths
  A swamp dragon (shapeshifter) (D:14)
  7 naga ritualists
  2 glowing orange brains
  A bunyip skeleton (Hell)
  4 spriggan druids
  A deep troll (shapeshifter) (D:13)
  10 lindwurms
  9 swamp dragons
  9 deep elf archers
  8 wizards
  18 ironbound convokers
  2 phantasmal warriors
  A shadow dragon skeleton (Hell)
  22 deep elf pyromancers
  17 necromancers
  17 orc knights
  4 manticores
  3 orc sorcerers
  14 salamanders
  A sphinx zombie (Vaults:4)
  16 mana vipers
  32 ugly things
  A manticore (shapeshifter) (Elf:3)
  28 deep elf zephyrmancers
  2 will-o-the-wisps
  An oklob plant (Snake:3)
  4 cyclopes
  23 vault sentinels
  8 guardian serpents
  An elf zombie (Vaults:4)
  15 elephants
  22 black mambas
  A dire elephant zombie (Hell)
  A torpor snail (Gauntlet)
  A water nymph (shapeshifter) (Vaults:5)
  7 smoke demons
  18 naga magi
  4 orange demons
  2 spriggan skeletons (Hell)
  A gargoyle (D:12)
  2 rust devils
  10 cane toads
  2 molten gargoyles (Lair:6)
  6 hellions
  18 komodo dragons
  A catoblepas zombie (Crypt:2)
  6 rime drakes
  11 freezing wraiths
  53 yaktaurs
  2 unseen horrors
  A bunyip simulacrum (Hell)
  A sea snake zombie (Crypt:2)
  2 kobold demonologists (D:9)
  A minotaur skeleton (Crypt:2)
  5 tengu conjurers
  An efreet (D:14)
  A demonic crawler (Hell)
  4 tormentors
  An ice devil (Depths:2)
  2 catoblepas skeletons
  4 trolls
  4 tyrant leeches
  A harpy zombie (Crypt:1)
  2 red devils
  3 polar bears
  15 hornets
  A harpy skeleton (Crypt:1)
  20 blink frogs
  4 raiju (Depths:2)
  36 slime creatures
  A slime creature (shapeshifter) (D:15)
  A raiju (shapeshifter) (Elf:2)
  3 ettin zombies
  2 frost giant simulacra (Depths:2)
  A stone giant simulacrum (Hell)
  4 shadows
  11 spriggans
  78 flying skulls
  A meliai zombie (D:11)
  A redback (Vaults:1)
  12 vampires
  7 wyverns
  2 water elementals
  3 centaur simulacra
  An alligator snapping turtle simulacrum (Hell)
  A dire elephant simulacrum (Hell)
  11 wraiths
  26 yaks
  3 fire elementals
  A yak (shapeshifter) (Elf:3)
  5 hogs (D:15)
  7 basilisks
  A hog (shapeshifter) (Vaults:5)
  7 vampire mosquitoes
  2 neqoxecs (Depths:2)
  9 steam dragons
  A chaos spawn (Depths:2)
  4 human simulacra
  A harpy simulacrum (Hell)
  2 small abominations (Crypt:3)
  A demonspawn zombie (Crypt:1)
  10 swamp worms
  9 wargs
  37 nagas
  8 hell hounds
  12 water moccasins
  A merfolk skeleton (Crypt:1)
  2 hydra simulacra
  3 large abominations
  3 swamp drakes (Swamp:1)
  37 orc warriors
  3 black bears
  An ice beast (D:8)
  A sky beast (D:8)
  8 necrophages
  An elephant zombie (Crypt:1)
  13 ogres
  5 boggarts (D:15)
  6 centaurs
  6 wolves
  A phantom (D:7)
  6 kobold brigands
  A rime drake skeleton (Crypt:1)
  16 bullfrogs
  A naga simulacrum (Hell)
  2 wyvern zombies
  5 earth elementals
  2 water moccasin skeletons
  A warg skeleton (Crypt:1)
  15 killer bees
  4 howler monkeys
  8 wights
  7 electric eels
  5 lava snakes (Lair:6)
  4 centaur zombies
  8 human zombies
  3 hounds
  2 jellies
  10 orc priests
  2 gnoll shamans
  A basilisk skeleton (Crypt:1)
  4 hell rats
  6 iguanas
  13 orc wizards
  2 scorpion zombies
  3 yak simulacra (Lair:6)
  2 polar bear simulacra (Lair:6)
  4 wolf simulacra (Lair:6)
  A killer bee zombie (D:7)
  A naga zombie (Crypt:1)
  An ogre zombie (Crypt:2)
  A hound skeleton (D:4)
  11 gnolls
  5 adders
  A river rat (D:14)
  2 shadow imps (Gauntlet)
  2 ufetubi (D:4)
  A lava snake skeleton (Crypt:1)
  2 worms
  4 dart slugs
  78 orcs
  3 endoplasms
  3 giant cockroaches
  2 goblins
  8 hobgoblins
  7 jackals
  4 quokkas
  10 ball pythons
  13 bats
  2 frilled lizards
  11 kobolds
  A quokka skeleton (Crypt:2)
  10 rats
  2 river rat simulacra (Lair:6)
  44 fire vortices
2119 creatures vanquished.

Vanquished Creatures (collateral kills)
  4 kobold brigands (D:10)
  4 orcs (D:10)
8 creatures vanquished.

Vanquished Creatures (others)
  Nikola (Swamp:2)
  A searing wretch (Geh:7)
  A draconian knight (Depths:4)
  A vault warden (Vaults:4)
  A salamander tyrant (Geh:1)
  A peacekeeper (Vaults:3)
  A stoker (Geh:6)
  An alligator (Swamp:2)
  2 deep elf knights
  2 wizards
  A deep elf zephyrmancer (Elf:1)
  A naga mage (Snake:2)
  A yaktaur (Vaults:4)
  3 bloated husks (Swamp:1)
  A troll (D:10)
  A hornet (Swamp:3)
  A flying skull (Crypt:3)
  A water elemental (Elf:2)
  An orc warrior (D:10)
  An ogre (D:10)
  A kobold brigand (D:10)
  3 gnolls (D:6)
  2 creeping infernos
  A fire vortex (Geh:4)
  8 foxfires
  53 fungi
  129 plants
  9 toadstools (Lair:2)
230 creatures vanquished.

Grand Total: 2357 creatures vanquished

Notes
Turn   | Place    | Note
-------+----------+-------------------------------------------
     0 | D:1      | Ijustatesigmund the Gnoll Fighter began the quest for the
                  | Orb.
     0 | D:1      | Reached XP level 1. HP: 23/23 MP: 1/1
   120 | D:1      | Reached XP level 2. HP: 29/29 MP: 2/2
   255 | D:1      | Found a faded altar of an unknown god.
   443 | D:1      | Identified a scroll of acquirement
   443 | D:1      | Acquired 977 gold pieces
   596 | D:2      | Reached XP level 3. HP: 35/35 MP: 3/3
   741 | D:2      | Reached skill level 1 in Invocations
   873 | D:2      | Reached skill level 1 in Short Blades
   873 | D:2      | Reached skill level 1 in Long Blades
   873 | D:2      | Reached skill level 1 in Maces & Flails
   873 | D:2      | Reached skill level 1 in Polearms
   873 | D:2      | Reached skill level 1 in Staves
   873 | D:2      | Reached skill level 1 in Slings
   873 | D:2      | Reached skill level 1 in Bows
   873 | D:2      | Reached skill level 1 in Crossbows
   873 | D:2      | Reached skill level 1 in Throwing
   873 | D:2      | Reached skill level 1 in Dodging
   873 | D:2      | Reached skill level 1 in Stealth
   873 | D:2      | Reached skill level 1 in Unarmed Combat
   873 | D:2      | Reached skill level 1 in Spellcasting
   873 | D:2      | Reached skill level 1 in Evocations
  1252 | D:3      | Reached XP level 4. HP: 41/41 MP: 5/5
  1288 | D:3      | Acquired the +0 pair of fencer's gloves {Riposte Dex+3}
  1288 | D:3      | Found the +0 pair of fencer's gloves {Riposte Dex+3}
  2164 | D:4      | Noticed an ogre
  2167 | D:4      | Killed an ogre
  2168 | D:4      | Reached skill level 1 in Conjurations
  2168 | D:4      | Reached skill level 1 in Hexes
  2168 | D:4      | Reached skill level 1 in Summonings
  2168 | D:4      | Reached skill level 1 in Necromancy
  2168 | D:4      | Reached skill level 1 in Translocations
  2168 | D:4      | Reached skill level 1 in Transmutations
  2168 | D:4      | Reached skill level 1 in Fire Magic
  2168 | D:4      | Reached skill level 1 in Ice Magic
  2168 | D:4      | Reached skill level 1 in Air Magic
  2168 | D:4      | Reached skill level 1 in Earth Magic
  2168 | D:4      | Reached skill level 1 in Poison Magic
  2168 | D:4      | Reached XP level 5. HP: 47/47 MP: 5/7
  2242 | D:4      | Noticed a kobold brigand
  2262 | D:4      | Killed a kobold brigand
  2263 | D:4      | Reached XP level 6. HP: 53/53 MP: 8/8
  2397 | D:4      | Reached skill level 5 in Axes
  2483 | D:4      | Reached skill level 2 in Bows
  2708 | D:4      | Reached XP level 7. HP: 59/59 MP: 10/10
  2969 | D:5      | Entered Level 5 of the Dungeon
  2980 | D:5      | Noticed a rust devil
  3058 | D:5      | Noticed an angel
  3160 | D:5      | Found a staircase to the Ecumenical Temple.
  3212 | Temple   | Entered the Ecumenical Temple
  3216 | Temple   | Became a worshipper of Cheibriados the Contemplative
  3566 | D:5      | Reached XP level 8. HP: 66/67 MP: 12/12
  3767 | D:6      | Found a white marble altar of Elyvilon.
  3934 | D:6      | Reached skill level 3 in Bows
  4148 | D:6      | Reached * piety under Cheibriados
  4487 | D:6      | Noticed a yak
  4489 | D:6      | Noticed a yak
  4489 | D:6      | Noticed a yak
  4490 | D:6      | Noticed a yak
  4491 | D:6      | Noticed a yak
  4492 | D:6      | Noticed a yak
  4889 | D:6      | Reached XP level 9. HP: 12/73 MP: 14/14
  5147 | D:6      | Reached skill level 4 in Bows
  5292 | D:7      | Reached skill level 5 in Invocations
  5315 | D:7      | Reached ** piety under Cheibriados
  5452 | D:7      | Reached XP level 10. HP: 69/80 MP: 17/17
  5714 | D:7      | Reached skill level 5 in Short Blades
  5714 | D:7      | Reached skill level 5 in Long Blades
  5714 | D:7      | Reached skill level 5 in Maces & Flails
  5714 | D:7      | Reached skill level 5 in Polearms
  5714 | D:7      | Reached skill level 5 in Staves
  5714 | D:7      | Reached skill level 5 in Slings
  5714 | D:7      | Reached skill level 5 in Bows
  5714 | D:7      | Reached skill level 5 in Crossbows
  5714 | D:7      | Reached skill level 5 in Throwing
  5714 | D:7      | Reached skill level 5 in Dodging
  5714 | D:7      | Reached skill level 5 in Stealth
  5714 | D:7      | Reached skill level 5 in Unarmed Combat
  5714 | D:7      | Reached skill level 5 in Spellcasting
  5714 | D:7      | Reached skill level 5 in Evocations
  5850 | D:7      | Got the Reference Book on Ensnaring Poison
  5853 | D:7      | Learned a level 1 spell: Magic Dart
  5916 | D:7      | Found a radiant altar of Vehumet.
  6008 | D:7      | Found a shadowy altar of Dithmenos.
  6812 | D:8      | Noticed a deep elf pyromancer
  6822 | D:8      | HP: 4/82 [fire elemental[a deep elf pyromancer] (9)]
  6957 | D:8      | Killed a deep elf pyromancer
  7095 | D:9      | Noticed a boulder beetle
  7096 | D:9      | Found the +8 longbow "Zephyr" {speed, Dex+3 SInv}
  7114 | D:9      | Reached *** piety under Cheibriados
  7147 | D:9      | Noticed a centaur warrior
  7155 | D:9      | Killed a centaur warrior
  7369 | D:9      | Found a stormy altar of Qazlal.
  7878 | D:10     | Entered Level 10 of the Dungeon
  7894 | D:9      | Reached XP level 11. HP: 80/87 MP: 19/19
  8016 | D:9      | Reached **** piety under Cheibriados
  8024 | D:9      | Reached skill level 6 in Bows
  8070 | D:9      | Reached skill level 5 in Conjurations
  8070 | D:9      | Reached skill level 5 in Hexes
  8070 | D:9      | Reached skill level 5 in Summonings
  8070 | D:9      | Reached skill level 5 in Necromancy
  8070 | D:9      | Reached skill level 5 in Translocations
  8070 | D:9      | Reached skill level 5 in Transmutations
  8070 | D:9      | Reached skill level 5 in Fire Magic
  8070 | D:9      | Reached skill level 5 in Ice Magic
  8070 | D:9      | Reached skill level 5 in Air Magic
  8070 | D:9      | Reached skill level 5 in Earth Magic
  8070 | D:9      | Reached skill level 5 in Poison Magic
  8337 | D:10     | Found a staircase to the Lair.
  8366 | D:10     | Noticed a two-headed ogre
  8377 | D:10     | Killed a two-headed ogre
  8565 | D:11     | Noticed a manticore
  8843 | D:10     | Reached ***** piety under Cheibriados
  8905 | D:10     | Found an ornate altar of the Wu Jian Council.
  8946 | D:10     | Found a shimmering altar of Xom.
  9086 | D:10     | Found a staircase to the Orcish Mines.
  9382 | D:10     | Found a blossoming altar of Fedhas.
  9382 | D:10     | Found a burning altar of Makhleb.
  9442 | D:11     | Noticed a deep elf pyromancer
  9554 | D:9      | Found Dawyroev's General Store.
  9562 | D:9      | Bought a scroll of teleportation for 30 gold pieces
  9562 | D:9      | Bought a scroll of identify for 20 gold pieces
  9595 | D:9      | Killed a boulder beetle
  9958 | D:11     | Found Hepp's Armour Emporium.
 10001 | D:11     | Killed a deep elf pyromancer
 10002 | D:11     | Reached XP level 12. HP: 82/96 MP: 22/22
 10246 | D:11     | Reached skill level 7 in Bows
 10398 | D:11     | Noticed a two-headed ogre
 10471 | D:11     | Noticed a two-headed ogre
 10475 | D:11     | Killed a two-headed ogre
 10479 | D:11     | Killed a two-headed ogre
 10857 | D:12     | Noticed a five-headed hydra
 10863 | D:12     | Killed a five-headed hydra
 10967 | D:12     | Found Bebufoor's Blood Bar.
 11001 | D:12     | Bought a +4 vampiric broad axe for 340 gold pieces
 11160 | D:12     | Reached skill level 10 in Fighting
 11160 | D:12     | Reached skill level 10 in Armour
 11160 | D:12     | Reached skill level 10 in Shields
 11205 | D:12     | Acquired the ring of Insomnia {rElec rCorr Dex-4 Slay+4
                  | SInv}
 11506 | Orc:1    | Entered Level 1 of the Orcish Mines
 11762 | Orc:1    | Reached ****** piety under Cheibriados
 11902 | Orc:1    | Found Wuquzxoill's Antique Weapon Shop.
 12029 | Orc:2    | Entered Level 2 of the Orcish Mines
 12084 | Orc:2    | Found a dark tunnel.
 12093 | Volcano  | Entered a volcano
 12142 | Volcano  | Reached XP level 13. HP: 59/103 MP: 19/24
 12343 | Volcano  | Learned a level 2 spell: Ensorcelled Hibernation
 12358 | Volcano  | Reached skill level 8 in Bows
 12418 | Volcano  | Noticed a fire dragon
 12431 | Volcano  | Killed a fire dragon
 12619 | D:11     | Bought a +0 helmet for 58 gold pieces
 12619 | D:11     | Bought a +1 cloak of stealth for 214 gold pieces
 12664 | Orc:2    | Found a staircase to the Elven Halls.
 13013 | Orc:2    | Found Esunion's Armour Emporium.
 13013 | Orc:2    | Found Popusyru's Assorted Antiques.
 13034 | Orc:2    | Bought a runed kite shield for 247 gold pieces
 13236 | Orc:2    | Found Axixtedd's General Store.
 13273 | Orc:2    | Bought the +1 cloak of Starlight {*Dazzle EV+4 Stlth--} for
                  | 518 gold pieces
 13273 | Orc:2    | Found the +1 cloak of Starlight {*Dazzle EV+4 Stlth--}
 13283 | Orc:2    | Found Nuwow's Assorted Antiques.
 13526 | Orc:2    | Bought a scroll of teleportation for 57 gold pieces
 13526 | Orc:2    | Bought a scroll of teleportation for 57 gold pieces
 13557 | Orc:2    | Bought a scroll labelled DOS JYMICODIGUOGH for 33 gold
                  | pieces
 13784 | Lair:1   | Entered Level 1 of the Lair of Beasts
 13802 | Lair:1   | Found a gate leading to a gauntlet.
 13806 | Gauntlet | Entered a Gauntlet
 13806 | Gauntlet | Found a transporter.
 13816 | Gauntlet | Found a transporter.
 13819 | Gauntlet | Found a transporter.
 13820 | Gauntlet | Found a transporter.
 13828 | Gauntlet | Found a transporter.
 13831 | Gauntlet | Found a transporter.
 13832 | Gauntlet | Found a transporter.
 13839 | Gauntlet | Found a runed translucent door.
 13842 | Gauntlet | Found a transporter.
 13843 | Gauntlet | Found a transporter.
 13844 | Gauntlet | Found a transporter.
 13855 | Gauntlet | Found a transporter.
 13855 | Gauntlet | Found a transporter.
 13856 | Gauntlet | Found a transporter.
 13864 | Gauntlet | Found a transporter.
 13981 | Gauntlet | Got the Guide on the Rocks
 14076 | Gauntlet | Identified the ring "Geliqiel" {+Blink rPois}
 14119 | Gauntlet | Noticed a minotaur
 14131 | Gauntlet | Killed a minotaur
 14132 | Gauntlet | Reached skill level 10 in Axes
 14132 | Gauntlet | Reached XP level 14. HP: 113/113 MP: 26/26
 14139 | Gauntlet | Identified the +1 short sword of Contradiction {protect,
                  | rC+ rN+ SInv}
 14492 | Lair:1   | Reached skill level 9 in Bows
 14826 | Lair:2   | Reached skill level 10 in Invocations
 14837 | Lair:2   | Learned a level 1 spell: Apportation
 15319 | Lair:3   | Found a staircase to the Snake Pit.
 15685 | Lair:2   | Noticed a dire elephant
 15705 | Lair:2   | Found a runed translucent door.
 15746 | Lair:2   | Killed a dire elephant
 15887 | Lair:2   | Found a staircase to the Swamp.
 17071 | Lair:5   | Reached XP level 15. HP: 120/120 MP: 28/28
 17592 | Lair:5   | Noticed Josephine
 17598 | Lair:5   | Killed Josephine
 17783 | Lair:6   | Entered Level 6 of the Lair of Beasts
 17803 | Lair:6   | Reached skill level 10 in Short Blades
 17803 | Lair:6   | Reached skill level 10 in Long Blades
 17803 | Lair:6   | Reached skill level 10 in Maces & Flails
 17803 | Lair:6   | Reached skill level 10 in Polearms
 17803 | Lair:6   | Reached skill level 10 in Staves
 17803 | Lair:6   | Reached skill level 10 in Slings
 17803 | Lair:6   | Reached skill level 10 in Bows
 17803 | Lair:6   | Reached skill level 10 in Crossbows
 17803 | Lair:6   | Reached skill level 10 in Throwing
 17803 | Lair:6   | Reached skill level 10 in Dodging
 17803 | Lair:6   | Reached skill level 10 in Stealth
 17803 | Lair:6   | Reached skill level 10 in Unarmed Combat
 17803 | Lair:6   | Reached skill level 10 in Spellcasting
 17803 | Lair:6   | Reached skill level 10 in Evocations
 17948 | Lair:6   | Found a viscous altar of Jiyva.
 17948 | Lair:6   | Found a staircase to the Slime Pits.
 17979 | Lair:6   | Noticed Urug
 17989 | Lair:6   | Killed Urug
 18337 | Lair:6   | Noticed Nessos
 18393 | Lair:6   | Found a large runed translucent door.
 18398 | Lair:6   | Found a large runed translucent door.
 18426 | Lair:6   | Killed Nessos
 19365 | D:13     | Acquired the +6 plate armour of Tios {Int+3}
 19397 | D:13     | Found Tyestri's Antique Weapon Boutique.
 20135 | D:14     | Found a gate to the Vaults.
 20181 | D:14     | Found a bloodstained altar of Trog.
 20405 | D:14     | Reached XP level 16. HP: 123/128 MP: 30/30
 20466 | D:14     | Found a basalt altar of Yredelemnul.
 20483 | D:14     | Reached skill level 11 in Bows
 20666 | D:14     | Paralysed by a vampire knight for 3 turns
 20677 | D:14     | Paralysed by a vampire knight for 6 turns
 20939 | D:14     | Paralysed by a vampire knight for 6 turns
 21061 | D:15     | Entered Level 15 of the Dungeon
 21329 | D:15     | Noticed Kirke
 21458 | D:15     | Killed Kirke
 21822 | D:15     | Found a staircase to the Depths.
 22206 | Snake:1  | Entered Level 1 of the Snake Pit
 23165 | Snake:2  | Reached skill level 12 in Bows
 23690 | Snake:2  | Reached XP level 17. HP: 100/136 MP: 32/32
 24768 | Snake:3  | Found a shimmering blue altar of Sif Muna.
 24830 | Snake:4  | Entered Level 4 of the Snake Pit
 25068 | Snake:3  | Reached skill level 13 in Bows
 25181 | Snake:4  | Reached skill level 10 in Conjurations
 25181 | Snake:4  | Reached skill level 10 in Hexes
 25181 | Snake:4  | Reached skill level 10 in Summonings
 25181 | Snake:4  | Reached skill level 10 in Necromancy
 25181 | Snake:4  | Reached skill level 10 in Translocations
 25181 | Snake:4  | Reached skill level 10 in Transmutations
 25181 | Snake:4  | Reached skill level 10 in Fire Magic
 25181 | Snake:4  | Reached skill level 10 in Ice Magic
 25181 | Snake:4  | Reached skill level 10 in Air Magic
 25181 | Snake:4  | Reached skill level 10 in Earth Magic
 25181 | Snake:4  | Reached skill level 10 in Poison Magic
 25383 | Snake:4  | Got a serpentine rune of Zot
 26453 | Orc:2    | Bought a polished crystal plate armour for 1615 gold pieces
 26453 | Orc:2    | Identified the +12 crystal plate armour of the Valley
                  | {rPois Will++ rCorr Str+4} (You bought it in a shop on
                  | level 2 of the Orcish Mines)
 26569 | Swamp:1  | Entered Level 1 of the Swamp
 26893 | Swamp:1  | Reached XP level 18. HP: 131/144 MP: 34/34
 26963 | Swamp:1  | Identified the +3 mace "Sithrar" {holy, rElec rPois rN+
                  | Dex+2}
 27353 | Swamp:2  | Noticed Nikola
 27371 | Swamp:2  | Killed Nikola
 27400 | Swamp:2  | Reached skill level 14 in Bows
 27973 | Swamp:3  | Upgraded the game from 0.28-a0-863-g8cecda6153 to
                  | 0.28-a0-893-g5e322aebe8
 28244 | Swamp:4  | Entered Level 4 of the Swamp
 28805 | Swamp:4  | Noticed a tentacled monstrosity
 28820 | Swamp:4  | Killed a tentacled monstrosity
 28858 | Swamp:4  | Got a decaying rune of Zot
 29180 | Vaults:1 | Entered Level 1 of the Vaults
 29298 | Vaults:1 | Found Eniell's Distillery.
 29316 | Vaults:1 | Bought a potion of heal wounds for 75 gold pieces
 29367 | Vaults:1 | Found Vihariac's Jewellery Boutique.
 29367 | Vaults:1 | Identified the -5 pair of boots of Pride {Rampage rF+
                  | Regen+}
 29412 | Vaults:1 | Reached XP level 19. HP: 152/152 MP: 35/35
 29429 | Vaults:1 | Found Bemyazau's Distillery.
 29781 | Vaults:1 | Reached skill level 15 in Bows
 29800 | Vaults:1 | Found Fizoliro's Jewellery Shop.
 30601 | Vaults:2 | Noticed Bai Suzhen
 30928 | Vaults:2 | Killed Bai Suzhen
 31613 | Vaults:3 | Acquired the ring "Kitad" {rN+ Dex+3 SInv}
 32047 | Vaults:3 | Reached XP level 20. HP: 161/161 MP: 37/37
 32077 | Vaults:3 | Reached skill level 16 in Bows
 32221 | Vaults:3 | Found Zinar's Antique Armour Shoppe.
 32455 | Vaults:3 | Noticed a golden dragon
 32466 | Vaults:3 | Killed a golden dragon
 32514 | Vaults:3 | Found a staircase to the Crypt.
 32882 | Vaults:4 | Reached skill level 15 in Fighting
 32882 | Vaults:4 | Reached skill level 15 in Armour
 32882 | Vaults:4 | Reached skill level 15 in Shields
 33187 | Vaults:4 | Reached skill level 15 in Invocations
 33591 | Vaults:4 | Found a portal to a secret trove of treasure.
 33970 | Vaults:5 | Entered Level 5 of the Vaults
 33970 | Vaults:5 | Noticed a dread lich
 33993 | Vaults:4 | Paralysed by a dread lich for 6 turns
 33995 | Vaults:4 | Noticed a Tzitzimitl
 34002 | Vaults:4 | Killed a dread lich
 34003 | Vaults:4 | Reached skill level 17 in Bows
 34024 | Vaults:4 | Reached XP level 21. HP: 156/169 MP: 39/39
 34030 | Vaults:5 | Noticed a golden dragon
 34381 | Vaults:5 | Noticed Mennas
 34387 | Vaults:5 | Reached skill level 15 in Axes
 34503 | Vaults:4 | Killed Mennas
 34711 | Vaults:4 | Killed a golden dragon
 34945 | Vaults:5 | Noticed a dread lich
 34945 | Vaults:5 | Identified the +0 glaive of a Gauntlet {vorpal, rPois}
 35084 | Vaults:4 | Killed a dread lich
 35092 | Vaults:4 | Learned a level 6 spell: Statue Form
 35109 | Vaults:5 | Identified the +4 short sword "Wuylips" {drain, rPois}
 35122 | Vaults:5 | Noticed a dread lich
 35141 | Vaults:4 | Killed a dread lich
 35429 | Vaults:5 | Noticed a golden dragon
 35601 | Vaults:4 | Killed a golden dragon
 35767 | Vaults:5 | Reached skill level 18 in Bows
 35946 | Vaults:5 | Identified the ring "Jutithel" {rPois rN+ Str-5 Dex+2}
 35967 | Vaults:5 | Reached XP level 22. HP: 168/178 MP: 40/40
 36031 | Vaults:5 | Noticed Xtahua
 36051 | Vaults:5 | Killed Xtahua
 36234 | Vaults:5 | Noticed a golden dragon
 36244 | Vaults:5 | Killed a golden dragon
 36278 | Vaults:5 | Identified the +8 trident "Jellyslayer" {vorpal, *Corrode
                  | Str+4 Int+9}
 36309 | Vaults:5 | Identified the +4 plate armour of Poush {Harm SInv}
 36477 | Vaults:5 | Got a silver rune of Zot
 36480 | Vaults:5 | Got the Handbook of Supportive Execration
 37404 | Depths:1 | Entered Level 1 of the Depths
 37404 | Depths:1 | Noticed a dread lich
 37404 | Depths:1 | Found a gateway to a ziggurat.
 37410 | D:15     | Reached skill level 15 in Short Blades
 37410 | D:15     | Reached skill level 15 in Long Blades
 37410 | D:15     | Reached skill level 15 in Maces & Flails
 37410 | D:15     | Reached skill level 15 in Polearms
 37410 | D:15     | Reached skill level 15 in Staves
 37410 | D:15     | Reached skill level 15 in Slings
 37410 | D:15     | Reached skill level 15 in Crossbows
 37410 | D:15     | Reached skill level 15 in Throwing
 37410 | D:15     | Reached skill level 15 in Dodging
 37410 | D:15     | Reached skill level 15 in Stealth
 37410 | D:15     | Reached skill level 15 in Unarmed Combat
 37410 | D:15     | Reached skill level 15 in Spellcasting
 37410 | D:15     | Reached skill level 15 in Evocations
 37468 | D:15     | Killed a dread lich
 37656 | Depths:1 | Found a corrupted altar of Lugonu.
 37658 | Depths:1 | Found a one-way gate to the infinite horrors of the Abyss.
 37953 | Depths:1 | Found a runed translucent door.
 37954 | Depths:1 | Noticed an ancient lich
 37978 | Depths:1 | Identified the +2 ring mail "Ticrey" {rF+}
 38009 | Depths:1 | Found a runed translucent door.
 38199 | Depths:1 | Reached skill level 19 in Bows
 38206 | Depths:1 | Found a gateway to Hell.
 38466 | Depths:1 | Killed an ancient lich
 38501 | Depths:2 | Reached XP level 23. HP: 161/186 MP: 42/42
 38526 | Depths:1 | Learned a level 2 spell: Passwall
 38529 | Depths:1 | Learned a level 2 spell: Wereblood
 38711 | Depths:2 | Found the +8 arc blade {discharge, rElec}
 38763 | Depths:2 | Found a white marble altar of Elyvilon.
 38972 | Depths:2 | Found a one-way gate leading to the halls of Pandemonium.
 40082 | Depths:3 | Identified the +1 robe of Darkness {Regen+ Str+6 Stlth-
                  | Archmagi}
 40086 | Depths:3 | Identified the +7 scythe of Disembowelment {flame, *Rage
                  | rElec rPois}
 40349 | Depths:4 | Entered Level 4 of the Depths
 40395 | Depths:4 | Found a broken altar of Ashenzari.
 40549 | Depths:4 | Found Ymeekom's Distillery.
 40557 | Depths:4 | Bought a potion of curing for 45 gold pieces
 40557 | Depths:4 | Bought a potion of curing for 45 gold pieces
 40557 | Depths:4 | Bought a potion of curing for 45 gold pieces
 40557 | Depths:4 | Bought a potion of mutation for 120 gold pieces
 40557 | Depths:4 | Bought a potion of curing for 45 gold pieces
 40588 | Depths:4 | Found a gate to the Realm of Zot.
 40862 | Depths:4 | Found Reqetusi's Assorted Antiques.
 40870 | Depths:4 | Bought a scroll of acquirement for 2340 gold pieces
 40870 | Depths:4 | Acquired 841 gold pieces
 40919 | Depths:4 | Found Tinoemp's General Store.
 40920 | Depths:4 | Noticed a golden dragon
 40937 | Depths:4 | Killed a golden dragon
 40959 | Depths:4 | Bought a scroll of blinking for 127 gold pieces
 40999 | Hell     | Entered the Vestibule of Hell
 40999 | Hell     | Noticed Geryon
 41096 | Hell     | Reached skill level 20 in Bows
 41150 | Hell     | Reached XP level 24. HP: 184/195 MP: 43/43
 41194 | Hell     | Killed Geryon
 41560 | Hell     | Found a gateway to the decaying netherworld of Tartarus.
 41607 | Hell     | Found a gateway to the ashen valley of Gehenna.
 41633 | Hell     | Paralysed by a wendigo for 1 turns
 41733 | Hell     | Found a gateway to the Iron City of Dis.
 41789 | Hell     | Found a gateway to the freezing wastes of Cocytus.
 42240 | Elf:1    | Entered Level 1 of the Elven Halls
 42291 | Elf:1    | Found Yzapenim's Antique Weapon Boutique.
 42464 | Elf:1    | Noticed Jorgrun
 42470 | Elf:1    | Killed Jorgrun
 43467 | Elf:2    | Found a runed translucent gate.
 43467 | Elf:2    | Found a runed translucent gate.
 43469 | Elf:2    | Found a runed translucent gate.
 43879 | Elf:2    | Learned a level 5 spell: Silence
 44198 | Elf:3    | Entered Level 3 of the Elven Halls
 44199 | Elf:3    | Acquired the ring of the Past {Slay+4 Stlth+}
 44230 | Elf:3    | Identified the -1 tower shield of Oxybaloi {rC- rCorr
                  | Dex+7}
 44230 | Elf:3    | Noticed Louise
 44248 | Elf:3    | Killed Louise
 44709 | Elf:3    | Reached skill level 15 in Air Magic
 44914 | Elf:3    | Identified the +7 spear of Annoyance {chaos, Fragile rC++}
 44925 | Elf:3    | Identified the +8 great sword of Beibrug {antimagic, rF+
                  | rC+ Str+2 Int+7 Stlth-}
 44937 | Elf:3    | Identified the +2 falchion of Indestructible Defence
                  | {flame, rElec Will+}
 45022 | Elf:3    | Got the Grimoire of Hurtful Envenoming
 45028 | Elf:3    | Identified the ring "Ruockeebo" {Fire rCorr Str+3 Dex-4}
 45045 | Elf:3    | Identified the +3 war axe of Peace {freeze, Will+ Str+4}
 45057 | Elf:3    | Identified the ring "Namiop" {rC+ Will+ AC+4 Dex+2 Slay+3}
 45067 | Elf:3    | Identified the ring "Boiwku" {rPois rC- rN++ EV+4 Str-2}
 45073 | Elf:3    | Identified the ring "Deadduhiga" {Ice rCorr}
 45432 | Crypt:1  | Entered Level 1 of the Crypt
 45564 | Crypt:1  | Reached XP level 25. HP: 203/203 MP: 41/43
 45578 | Crypt:1  | Reached skill level 21 in Bows
 46327 | Crypt:2  | Noticed Margery
 46354 | Crypt:2  | Killed Margery
 46509 | Crypt:2  | Found a runed translucent gate.
 46509 | Crypt:2  | Found a runed translucent gate.
 46509 | Crypt:2  | Found a runed translucent gate.
 46512 | Crypt:2  | Found an ancient bone altar of Kikubaaqudgha.
 46512 | Crypt:2  | Noticed an ancient lich
 46512 | Crypt:2  | Noticed a dread lich
 46512 | Crypt:2  | Noticed Cips's ghost (veteran GrFi)
 46512 | Crypt:2  | Noticed Arizal's ghost (veteran MiBe)
 46528 | Crypt:2  | Killed an ancient lich
 46551 | Crypt:2  | Killed Arizal's ghost
 46567 | Crypt:2  | Killed Cips's ghost
 46576 | Crypt:2  | Killed a dread lich
 46591 | Crypt:2  | Identified the +1 cloak of Xajumi {rC+ Int+8}
 46596 | Crypt:2  | Identified the amulet "Ipipn" {Faith Str+2}
 47121 | Crypt:3  | Entered Level 3 of the Crypt
 47285 | Crypt:3  | Found an ancient bone altar of Kikubaaqudgha.
 47641 | Crypt:3  | Found a staircase to the Tomb.
 47641 | Crypt:3  | Noticed Jory
 47667 | Crypt:3  | Killed Jory
 47713 | Crypt:3  | Identified the +2 hand crossbow of Arrival {venom, Int+4
                  | Dex+3}
 47927 | Crypt:3  | Learned a level 5 spell: Borgnjor's Vile Clutch
 47971 | Crypt:3  | Reached skill level 15 in Necromancy
 48145 | Crypt:3  | Learned a level 8 spell: Borgnjor's Revivification
 48536 | Geh:1    | Entered Level 1 of Gehenna
 48881 | Geh:2    | Noticed an ancient lich
 48908 | Geh:2    | Killed an ancient lich
 49055 | Geh:2    | Reached XP level 26. HP: 106/152 MP: 44/44
 49135 | Geh:2    | Reached skill level 22 in Bows
 49914 | Geh:4    | Reached skill level 15 in Conjurations
 49914 | Geh:4    | Reached skill level 15 in Hexes
 49914 | Geh:4    | Reached skill level 15 in Summonings
 49914 | Geh:4    | Reached skill level 15 in Translocations
 49914 | Geh:4    | Reached skill level 15 in Transmutations
 49914 | Geh:4    | Reached skill level 15 in Fire Magic
 49914 | Geh:4    | Reached skill level 15 in Ice Magic
 49914 | Geh:4    | Reached skill level 15 in Earth Magic
 49914 | Geh:4    | Reached skill level 15 in Poison Magic
 50667 | Geh:7    | Entered Level 7 of Gehenna
 51801 | Geh:7    | Killed from afar by a hellion

Illustrated notes

Levels and vault maps discovered:
D:1:      lemuel_arrival_hallway, layout_basic,
          shapermc_ecumenical_altar_mp_urbaneastern
D:2:      layout_loops_cross
D:3:      layout_loops_corners, kennysheep_generic_room_12
D:4:      layout_basic
D:5:      layout_loops_cross, temple_garden, kennysheep_generic_room_14
D:6:      layout_loops_cross, mainiacjoe_overflow_small_starburst,
          eino_tiny_chamber, kennysheep_crisscross
D:7:      statuecave_lemuel, layout_cave_pools, kennysheep_mini,
          nicolae_dithmenos_the_darkroom, serial_bayou, serial_bayou_lagoon_b,
          serial_bayou_lagoon_a, serial_bayou_ford_a, serial_bayou_pond_d,
          serial_bayou_shore_b
D:8:      layout_basic
D:9:      layout_loops_ring, nicolae_qazlal_style_of_elements, serial_shops,
          nicolae_shop_waterfront, dk_noncrumbling_2, nrook_campfire,
          minmay_mirror_moons_of_madness
D:10:     layout_rooms, gammafunk_temple_overflow_wave,
          mainiacjoe_overflow_two_lobes, due_lair_maze_entry_diamond,
          kennysheep_orc_monster_closet_entryway, minmay_misc_feat_room
D:11:     layout_loops_ring, serial_shops, nicolae_shop_hallway_stairs
D:12:     layout_loops_ring, minmay_misc_feat_nine_boxes, guppyfry_shop_blood
D:13:     layout_loops_ring, serial_shops, shop, fountainhead
D:14:     lemuel_vampire_tower, layout_irregular_city, grunt_decor_cap,
          trog_butcher_becter
D:15:     gammafunk_enter_depths_forms, layout_gridville, minivault_14,
          uniq_kirke
Temple:   zaba_magenta_temple
Lair:1:   layout_misc_corridors, gauntlet_entry_generic, grunt_megastairs_1,
          infiniplex_staircase_pool
Lair:2:   gammafunk_lair_enchanted_lake, layout_chaotic_city, swamp_mist,
          nicolae_quartered_pool_little, infiniplex_staircase_pool_2
Lair:3:   layout_chaotic_city, guppyfry_snake_entry_garden, serial_bayou_pond_b,
          serial_bayou_shore_a
Lair:4:   layout_loops_ring, small_statue_intersection,
          chequers_serial_rivers_micro_b
Lair:5:   layout_roguey, columned_hall_lemuel, uniq_josephine
Lair:6:   cheibrodos_lair_end_hotspot, layout_misc_corridors, slime_altar_1,
          eino_house_with_fridge, uniq_urug, uniq_nessos
Swamp:1:  nicolae_swamp_tree_isthmus, layout_basic_swamp, serial_swamp_ruin,
          evilmike_swamp_ruin_house_5, evilmike_swamp_ruin_house_2
Swamp:2:  layout_basic_swamp, evilmike_swamp_ruin_rubble_2, uniq_nikola
Swamp:3:  layout_basic_swamp, hangedman_swamp_lotus
Swamp:4:  swamp_vile, layout_basic_swamp
Snake:1:  layout_layer_cave, guppyfry_library_mini
Snake:2:  layout_gridlike, lemuel_fruit_tree
Snake:3:  layout_layer_cave, lemuel_oklob_altar
Snake:4:  johnstein_snake_rune_scales, layout_concentric_octagons, drop_trap,
          nicolae_snake_gridmaze_spiral
Orc:1:    layout_caves, serial_shops, shop_statue, statue_in_the_mist_lemuel
Orc:2:    st_orc_town, layout_caves, enter_volcano_2
Elf:1:    elf_arrival_001, layout_gridlike, serial_shops, shop,
          minmay_elf_sorcery, uniq_jorgrun
Elf:2:    elven_hall_of_blades_hangedman_original
          [nicolae_blade_entry_antechamber], layout_loops_corners
Elf:3:    elf_hall, layout_loops_cross, uniq_louise
Vaults:1: v_rooms_3, v_misc_4, vaults_room_grunt_arrival_ludios,
          nicolae_vaults_shelves_hall, nicolae_vaults_circle_grid_a,
          hangedman_vaults_maws, grunt_vaults_focal, layout_vaults_big_room,
          serial_shops, shop_fountains, nicolae_shop_waterfront,
          nicolae_shop_advertising_works [nicolae_subvault_shop_adworks], shop
Vaults:2: dpeg_vaults_monster_row, v_misc_11, hangedman_vaults_unwind,
          vaults_dpeg_cross, vaults_dpeg_spiral, v_misc_26,
          nicolae_vaults_alarming, vaults_room_large_hall,
          dpeg_vaults_monster_box, vaults_room_door_ring,
          layout_vaults_omnigrid, uniq_bai_suzhen
Vaults:3: minmay_crypt_entry_simple_round, grunt_vaults_funnel,
          ontoclasm_vaults_ring_small, nicolae_vaults_asterisk,
          vaults_mumra_bighexcomb, v_misc_3, nicolae_vaults_inception_corners,
          hangedman_vaults_variations, ontoclasm_vaults_gateway, v_misc_5,
          nicolae_vaults_hallways_thing, ontoclasm_vaults_claustrophobia,
          nicolae_vaults_little_squares_3, layout_vaults_omnibox, serial_shops,
          shop
Vaults:4: v_pattern_5, nicolae_vaults_what_the_h, v_misc_5,
          hangedman_vaults_cutoff, v_rooms_1, vaults_mumra_hexcomb, v_misc_17,
          nicolae_vaults_little_ls, layout_vaults_big_cross, enter_trove_3
Vaults:5: serial_shops, uniq_xtahua, uniq_mennas
Crypt:1:  layout_gridlike, minivault_24
Crypt:2:  layout_chaotic_city, gammafunk_ghost_crypt, corexii_leaking_fountain,
          uniq_margery
Crypt:3:  grunt_crypt_end_deaths_head
Depths:1: cheibrodos_witchhunters_guild, layout_twisted_cross, enter_ziggurat_d,
          abandoned_shop, abyss_entry_flame_altar, hellmouth_1,
          kennysheep_generic_room_13
Depths:2: minmay_shoctagon, layout_cave_shapes, elyvilon_altar_5, hell_entry,
          grunt_pan_entry_sceptre, abyss_entry
Depths:3: minmay_textured_paths, layout_gridlike, lightli_too_deep, abyss_entry,
          kennysheep_small_spiral, hangedman_abyss_or_decor_clamps,
          serial_bayou_shore_b, infiniplex_staircase_zigzag_3
Depths:4: evilmike_zot_entry_argh, layout_gridville, serial_shops, shop, shop,
          nicolae_shop_stone, nicolae_shop_hallway_plus, hell_entry,
          ashenzari_conservatory_becter
Hell
Geh:1:    layout_gehenna_lava_caves
Geh:2:    layout_gehenna_pools_basic
Geh:3:    layout_gehenna_lava_caves
Geh:4:    layout_gehenna_pools_basic
Geh:5:    layout_gehenna_lava_caves
Geh:6:    layout_gehenna_lava_caves
Geh:7:    evilmike_geh

Skill      XL: |  1  2  3  4  5  6  7  8  9 10 11 12 13 14 15 16 17 18 19 20 21 22 23 24 25 26 |
---------------+-------------------------------------------------------------------------------+-----
Invocations    | 1 2 3 4 5 6 7 8 9 10 11 12 13 14 15 16 17 18 19 | 19.3
Short Blades   | 1 2 3 4 5 6 7 8 9 10 11 12 13 14 15 16 17 | 17.8
Long Blades    | 1 2 3 4 5 6 7 8 9 10 11 12 13 14 15 16 17 | 17.8
Maces & Flails | 1 2 3 4 5 6 7 8 9 10 11 12 13 14 15 16 17 | 17.8
Polearms       | 1 2 3 4 5 6 7 8 9 10 11 12 13 14 15 16 17 | 17.8
Staves         | 1 2 3 4 5 6 7 8 9 10 11 12 13 14 15 16 17 | 17.8
Slings         | 1 2 3 4 5 6 7 8 9 10 11 12 13 14 15 16 17 | 17.8
Bows           | 1 2 3 4 5 6 7 8 9 10 12 13 14 15 17 18 19 20 21 22 | 22.5
Crossbows      | 1 2 3 4 5 6 7 8 9 10 11 12 13 14 15 16 17 | 17.8
Throwing       | 1 2 3 4 5 6 7 8 9 10 11 12 13 14 15 16 17 | 17.8
Dodging        | 1 2 3 4 5 6 7 8 9 10 11 12 13 14 15 16 17 | 17.8
Stealth        | 1 2 3 4 5 6 7 8 9 10 11 12 13 14 15 16 17 | 17.8
Unarmed Combat | 1 2 3 4 5 6 7 8 9 10 11 12 13 14 15 16 17 | 17.8
Spellcasting   | 1 2 3 4 5 6 7 8 9 10 11 12 13 14 15 16 17 | 17.8
Evocations     | 1 2 3 4 5 6 7 8 9 10 11 12 13 14 15 16 17 | 17.8
Conjurations   | 1 2 3 4 5 6 7 8 9 10 11 12 13 14 15 | 15.2
Hexes          | 1 2 3 4 5 6 7 8 9 10 11 12 13 14 15 | 15.2
Summonings     | 1 2 3 4 5 6 7 8 9 10 11 12 13 14 15 | 15.2
Necromancy     | 1 2 3 4 5 6 7 8 9 10 11 12 13 14 15 | 15.9
Translocations | 1 2 3 4 5 6 7 8 9 10 11 12 13 14 15 | 15.2
Transmutations | 1 2 3 4 5 6 7 8 9 10 11 12 13 14 15 | 15.2
Fire Magic     | 1 2 3 4 5 6 7 8 9 10 11 12 13 14 15 | 15.2
Ice Magic      | 1 2 3 4 5 6 7 8 9 10 11 12 13 14 15 | 15.2
Air Magic      | 1 2 3 4 5 6 7 8 9 10 11 12 13 14 15 16 | 16.8
Earth Magic    | 1 2 3 4 5 6 7 8 9 10 11 12 13 14 15 | 15.2
Poison Magic   | 1 2 3 4 5 6 7 8 9 10 11 12 13 14 15 | 15.2
Axes           | 5 6 7 8 9 10 11 12 13 14 15 16 17 18 | 18.3
Fighting       | 7 8 9 10 11 12 13 14 15 16 17 18 | 18.8
Armour         | 7 8 9 10 11 12 13 14 15 16 17 18 | 18.8
Shields        | 7 8 9 10 11 12 13 14 15 16 17 18 | 18.8

Action                   |  1- 3 |  4- 6 |  7- 9 | 10-12 | 13-15 | 16-18 | 19-21 | 22-24 | 25-27 || total
-------------------------+-------+-------+-------+-------+-------+-------+-------+-------+-------++-------
Melee: War axe           |   138 |    93 |   234 |   376 |       |       |       |       |       ||   841
       Bite              |    18 |    10 |    52 |   135 |   232 |   308 |   334 |   386 |   333 ||  1808
       Broad axe         |       |       |       |   101 |   849 |  1288 |  1191 |  1455 |  1194 ||  6078
       Morningstar       |       |       |       |       |    22 |       |       |       |       ||    22
Throw: Dart              |       |       |       |     7 |       |     5 |       |       |       ||    12
       Throwing net      |       |       |       |     1 |       |       |       |       |       ||     1
       Javelin           |       |       |       |       |       |       |       |     2 |     3 ||     5
 Cast: Magic Dart        |       |       |       |    19 |     1 |       |       |       |       ||    20
       Ensorcelled Hiber |       |       |       |       |     1 |     2 |       |       |       ||     3
       Apportation       |       |       |       |       |       |     1 |       |       |       ||     1
       Statue Form       |       |       |       |       |       |       |       |     1 |       ||     1
       Wereblood         |       |       |       |       |       |       |       |     8 |     2 ||    10
       Silence           |       |       |       |       |       |       |       |     3 |    17 ||    20
Invok: Bend Time         |       |       |       |     2 |     4 |       |       |       |       ||     6
       Slouch            |       |       |       |     1 |     7 |     6 |     1 |     5 |     2 ||    22
       Step From Time    |       |       |       |       |       |     1 |       |     1 |       ||     2
 Abil: Evoke Blink       |       |       |       |       |       |     1 |       |       |       ||     1
Evoke: Wand              |       |     6 |     9 |    27 |     7 |    10 |     2 |    10 |     7 ||    78
       Condenser vane    |       |       |       |       |       |     1 |       |     1 |     1 ||     3
  Use: Scroll            |     2 |     6 |     9 |    17 |    10 |    11 |     6 |    12 |     4 ||    77
       Potion            |       |       |     6 |     7 |     6 |     3 |     4 |     1 |     3 ||    30
 Stab: Sleeping          |       |       |       |     2 |     1 |       |       |       |     6 ||     9
       Invisible         |       |       |       |       |    59 |    79 |    46 |    72 |    23 ||   279
       Confused          |       |       |       |       |       |       |       |     2 |       ||     2
       Distracted        |       |       |       |       |       |       |       |     1 |     5 ||     6
Armor: Scale mail        |    17 |       |       |       |       |       |       |       |       ||    17
       Chain mail        |    34 |    46 |   134 |   222 |     7 |       |       |       |       ||   443
       Skin              |       |       |       |     2 |       |       |       |       |       ||     2
       Ice dragon scales |       |       |       |    13 |       |       |       |       |       ||    13
       Plate armour      |       |       |       |       |   362 |   289 |       |       |       ||   651
       Crystal plate arm |       |       |       |       |       |   262 |   537 |   427 |   146 ||  1372
       Fire dragon scale |       |       |       |       |       |       |       |       |   151 ||   151
Dodge: Dodged            |    37 |    25 |   112 |   339 |   929 |  1088 |  1038 |   986 |   855 ||  5409
Block: Buckler           |    29 |    27 |   111 |   296 |    65 |       |       |       |       ||   528
       Kite shield       |       |       |       |       |   826 |  1431 |  1348 |  1496 |  1232 ||  6333
       Rpst.: War axe    |       |     6 |    35 |    48 |       |       |       |       |       ||    89
       Broad axe         |       |       |       |    21 |   150 |   155 |   158 |   151 |   134 ||   769
       Morningstar       |       |       |       |       |     4 |       |       |       |       ||     4

Table legend: (Time is in decaauts)
 A = Elapsed time spent in this place.
 B = Non-inter-level travel time spent in this place.
 C = Inter-level travel time spent in this place.
 D = Time resting spent in this place.
 E = Time spent auto-exploring this place.
 F = Levels seen in this place.
 G = Mean time per level.
                   A        B        C        D        E       F      G
               +--------+--------+--------+--------+--------+-----+--------+
         Total |  82563 |  75174 |   7389 |   5908 |  51612 |  57 | 1448.5 |
       Dungeon |  21926 |  19389 |   2537 |   2737 |  12819 |  15 | 1461.7 |
        Temple |     95 |     71 |     24 |      0 |     61 |   1 |   95.0 |
          Lair |   9304 |   8234 |   1070 |      4 |   6834 |   6 | 1550.7 |
         Swamp |   4507 |   4212 |    295 |     35 |   3196 |   4 | 1126.8 |
     Snake Pit |   7268 |   6877 |    391 |    156 |   5528 |   4 | 1817.0 |
  Orcish Mines |   3258 |   2825 |    433 |    147 |   1629 |   2 | 1629.0 |
   Elven Halls |   5333 |   5152 |    181 |    111 |   3662 |   3 | 1777.7 |
        Vaults |  12855 |  11783 |   1072 |   1421 |   7730 |   5 | 2571.0 |
         Crypt |   4348 |   4090 |    258 |    143 |   2938 |   3 | 1449.3 |
        Depths |   6482 |   5892 |    590 |    219 |   4322 |   4 | 1620.5 |
          Hell |   1468 |   1384 |     84 |    270 |    726 |   1 | 1468.0 |
       Gehenna |   4471 |   4021 |    450 |    500 |   1961 |   7 |  638.7 |
       Volcano |    660 |    660 |      0 |    163 |    168 |   1 |  660.0 |
      Gauntlet |    582 |    582 |      0 |      0 |     35 |   1 |  582.0 |
               +--------+--------+--------+--------+--------+-----+--------+

Top non-repeatable levels by time:
Vaults:4: 3688 daAuts
Vaults:2: 2604 daAuts
Vaults:5: 2394 daAuts
    D:15: 2359 daAuts
    D:14: 2357 daAuts
     D:9: 2275 daAuts
Depths:3: 2200 daAuts
 Snake:4: 2149 daAuts
   Orc:2: 2141 daAuts
Vaults:3: 2124 daAuts
    D:10: 2059 daAuts
Vaults:1: 2043 daAuts
 Snake:3: 1926 daAuts
   Elf:2: 1814 daAuts
   Elf:1: 1770 daAuts
